 Dungeon Crawl Stone Soup version 0.27-a0-1442-g87b6fcb595 (webtiles) character file.

Game seed: 10913236178859685271

820 runemasterragnar the Ducker (level 7, -15/39 HPs)
             Began as a Felid Transmuter on July 5, 2021.
             Was an Elder of Cheibriados.
             Killed from afar by Maggie (27 damage)
             ... with a bolt of fire
             ... on level 6 of the Dungeon.
             The game lasted 00:18:30 (9208 turns).

runemasterragnar the Ducker (Felid Transmuter)      Turns: 9208, Time: 00:18:30

Health: -15/39     AC:  8    Str: 18    XL:     7   Next: 63%
Magic:  12/14      EV: 19    Int: 25    God:    Cheibriados [****..]
Gold:   240        SH:  0    Dex: 26    Spells: 4/14 levels left
                                        Lives:  0   Deaths: 2

rFire    x x .     SeeInvis +     - Unarmed
rCold    + + +     Faith    .   (shield unavailable)
rNeg     . . .     Spirit   .   (armour unavailable)
rPois    +         Reflect  .   (helmet unavailable)
rElec    .         Harm     .   (cloak unavailable)
rCorr    .         Rampage  .   (gloves unavailable)
Will     +....                  (boots unavailable)
Stlth    ++++......             d - amulet of the acrobat
HPRegen  0.13/turn              a - ring of ice
MPRegen  0.14/turn              o - +4 ring of evasion

@: ice-form, very slow
A: freezing attack, amphibious, boosted hp, large, (claws 1), (fangs 3), see
invisible, (speed 1), (shaggy fur 2), (stealthy paws), no weapons or thrown
items, no armour, multi-lived, (iridescent scales 1)
a: End Transformation, Renounce Religion, Bend Time, Temporal Distortion, Slouch


You were on level 6 of the Dungeon.
You worshipped Cheibriados.
Cheibriados was greatly pleased with you.
You were a creature of crystalline ice.
You visited 1 branch of the dungeon, and saw 6 of its levels.
You also visited: Sewer.

You collected 240 gold pieces.

Inventory:

Missiles
 i - 44 poisoned darts
Jewellery
 a - a ring of ice (left front paw)
 d - an amulet of the acrobat (around neck)
 o - a +4 ring of evasion (right front paw)
Wands
 m - a wand of polymorph (3)
 n - a wand of mindburst (5)
Scrolls
 b - a scroll of immolation
 c - a scroll of vulnerability
 e - a scroll of noise {unknown}
 k - a scroll of teleportation
 p - a scroll of summoning {unknown}
Potions
 f - 7 potions of heal wounds
 g - 4 potions of flight
 h - a potion of brilliance {unknown}
 j - 5 potions of curing
 l - a potion of mutation
 q - a potion of haste {unknown}


   Skills:
 + Level 4.3 Fighting
 + Level 6.2 Dodging
 + Level 6.0 Stealth
 + Level 5.1 Unarmed Combat
 + Level 4.3 Spellcasting
 - Level 4.6 Transmutations
 + Level 1.4 Ice Magic


You had 4 spell levels left.
You knew the following spells:

 Your Spells              Type           Power      Damage    Failure   Level
a - Beastly Appendage     Tmut           56%        N/A       1%          1
b - Wereblood             Tmut           28%        N/A       1%          2
c - Spider Form           Tmut/Pois      8%         N/A       11%         3
d - Ice Form              Ice/Tmut       31%        N/A       26%         4

Your spell library contained the following spells:

 Spells                   Type           Power      Damage    Failure   Level
 Passwall                 Tmut/Erth      13%        N/A       5%          2
 Frozen Ramparts          Ice            38%        1d5       14%         3
 Swiftness                Air            5%         N/A       26%         3
 Summon Ice Beast         Ice/Summ       13%        N/A       54%         4
 Invisibility             Hex            2%         N/A       100%        6


Dungeon Overview and Level Annotations

Branches:
Dungeon (6/15)             Temple (0/1) D:5           Sewer (visited)

Altars:
Cheibriados
Qazlal

Annotations:
D:6 Maggie


Innate Abilities, Weirdness & Mutations

You are a creature of crystalline ice.
You have a powerful freezing melee attack.
You are amphibious.
Your maximum health is increased.
((You have sharp claws.))
((You have razor-sharp teeth.))
You have supernaturally acute eyesight. (SInv)
((You cover ground quickly. (Speed+)))
((You are covered in thick fur. (AC +2)))
((Your paws help you pounce on unaware monsters.))
You are incapable of wielding weapons or throwing items.
You cannot wear armour.
You gain extra lives every three experience levels.
((You are partially covered in iridescent scales. (AC +2)))


Message History

Grinder is almost dead.
Grinder hits you but does no damage.
Unknown command.
You barely miss Grinder.
Grinder is almost dead.
Maggie the Vainglorious comes into view.
She is wielding a +1 scimitar of holy wrath.
Grinder misses you.
Unknown command.
Maggie shouts!
You punch Grinder!
You kill Grinder!
Cheibriados thoroughly appreciates the change of pace.
Your Stealth skill increases to level 6!
Unknown command.
Press: ? - help, v - describe, . - travel
Here: Maggie, wielding a +1 scimitar of holy wrath and wearing +0 acid dragon scales The floor.
Unknown command.
Aiming: Mindburst
Press: ? - help, Shift-Dir - straight line, f - Maggie
Aim: Maggie, wielding a +1 scimitar of holy wrath and wearing +0 acid dragon scales (chance to affect: 65%) Maggie's mind is blasted!!
Aiming: Mindburst
Press: ? - help, Shift-Dir - straight line, f/p - Maggie
Aim: Maggie, wielding a +1 scimitar of holy wrath and wearing +0 acid dragon scales (moderately wounded, chance to affect: 65%) Maggie struggles to resist.
Aiming: Mindburst
Press: ? - help, Shift-Dir - straight line, f/p - Maggie
Aim: Maggie, wielding a +1 scimitar of holy wrath and wearing +0 acid dragon scales (moderately wounded, chance to affect: 65%) Maggie's mind is blasted!
Maggie mumbles the words to a spell, but in the wrong order.
Aiming: Mindburst
Press: ? - help, Shift-Dir - straight line, f/p - Maggie
Aim: Maggie, wielding a +1 scimitar of holy wrath and wearing +0 acid dragon scales (heavily wounded, chance to affect: 65%) Maggie struggles to resist.
You hear a bellow! x2
Maggie casts a spell at you. The bolt of fire hits you!!
The fire burns you terribly!
Ouch! That really hurt!
You die...

***########## *,,......[..##
*.########...## ##.##.#........#
######..@..Y(###....########
#.......##.#.# ##.#.........
#.$.$...##.#.#**#.##########
######o.F.?..##....,,...,,,,,,,..
...oooYY.................,,,<,,..
######†Y.5.........###.###*****#.
......:......####..#*#.* #.
...............,....,,,* #.
.######...##.#***,,******** #<


You could see Maggie.

Vanquished Creatures
  Grinder (D:6)
  A sky beast (D:6)
  An ogre (D:5)
  A centaur (D:6)
  A necrophage (D:5)
  2 water moccasin zombies (D:5)
  A centaur skeleton (D:6)
  A gnoll shaman (D:6)
  3 hounds
  2 bullfrog skeletons (D:4)
  Jessica (D:2)
  5 iguanas
  Natasha (twice) (D:4)
  An orc wizard (D:3)
  11 gnolls
  12 adders
  3 river rats (Sewer)
  A white imp (D:5)
  An ufetubus (D:5)
  2 worms
  A dart slug (D:1)
  5 orcs
  12 ball pythons
  3 bats
  10 endoplasms
  5 giant cockroaches
  3 goblins
  5 hobgoblins
  14 jackals
  26 kobolds
  4 quokkas
  16 frilled lizards
  29 rats
186 creatures vanquished.

Vanquished Creatures (others)
  2 plants (D:3)
  4 withered plants (D:3)
6 creatures vanquished.

Grand Total: 192 creatures vanquished

Notes
Turn   | Place    | Note
-------+----------+-------------------------------------------
     0 | D:1      | runemasterragnar the Felid Transmuter began the quest for
                  | the Orb.
     0 | D:1      | Reached XP level 1. HP: 9/9 MP: 4/4
   605 | D:1      | Reached skill level 1 in Stealth
   605 | D:1      | Reached XP level 2. HP: 9/12 MP: 4/6
  1234 | D:1      | Learned a level 2 spell: Wereblood
  1280 | D:1      | Reached XP level 3. HP: 10/15 MP: 5/7
  2092 | D:2      | Noticed Jessica
  2103 | D:2      | Killed Jessica
  2104 | D:2      | Reached XP level 4. HP: 16/19 MP: 5/8
  2491 | D:2      | You fall into a shaft and drop 2 floors!
  2775 | D:4      | Reached XP level 5. HP: 16/22 MP: 6/9
  2869 | D:4      | Noticed a black bear
  2888 | D:3      | Learned a level 3 spell: Spider Form
  3617 | D:3      | Found a faded altar of an unknown god.
  3647 | D:3      | Became a worshipper of Cheibriados the Contemplative
  3647 | D:3      | Reached * piety under Cheibriados
  3790 | D:3      | HP: 1/20 [gnoll (10)]
  3793 | D:3      | Gained mutation: You are partially covered in iridescent
                  | scales. (AC +2) [potion of mutation]
  3798 | D:3      | Slain by a giant cockroach
  3799 | D:3      | Reached XP level 4. HP: 0/17 MP: 9/9
  4048 | D:3      | Reached XP level 5. HP: 11/23 MP: 7/10
  5190 | D:3      | Reached ** piety under Cheibriados
  5301 | D:4      | Noticed Natasha
  5307 | D:4      | Killed Natasha
  5716 | D:4      | Gained mutation: You are covered in thick fur. (AC +2)
                  | [Felid growth]
  5716 | D:4      | Reached XP level 6. HP: 14/27 MP: 5/11
  6152 | D:4      | Noticed Natasha
  6185 | D:4      | Killed Natasha
  6324 | D:5      | Entered Level 5 of the Dungeon
  6463 | D:5      | Found a staircase to the Ecumenical Temple.
  6484 | D:5      | Reached skill level 5 in Dodging
  6733 | D:5      | Reached XP level 7. HP: 31/31 MP: 11/13
  6846 | D:5      | Found a stormy altar of Qazlal.
  7373 | D:6      | Learned a level 4 spell: Ice Form
  7412 | D:6      | Found a glowing drain.
  7450 | D:6      | HP: 1/31 [iguana (13)]
  7480 | D:6      | Reached *** piety under Cheibriados
  7491 | Sewer    | Entered a sewer
  7831 | Sewer    | Reached **** piety under Cheibriados
  7845 | Sewer    | Reached skill level 5 in Stealth
  8704 | D:6      | Reached XP level 8. HP: 15/36 MP: 10/14
  8893 | D:6      | Reached skill level 5 in Unarmed Combat
  8893 | D:6      | Reached skill level 1 in Ice Magic
  8995 | D:6      | Noticed Grinder
  8996 | D:6      | Paralysed by Grinder for 4 turns
  8999 | D:6      | Mangled by a yak
  9000 | D:6      | Reached XP level 7. HP: -9/32 MP: 3/14
  9192 | D:6      | Paralysed by Grinder for 5 turns
  9203 | D:6      | Noticed Maggie
  9204 | D:6      | Killed Grinder
  9208 | D:6      | Killed from afar by Maggie

Illustrated notes

Levels and vault maps discovered:
D:1:      lemuel_arrival_behind_the_door_small, layout_basic, minivault_19,
          minmay_lizard_pond
D:2:      layout_basic, chequers_mini_garden, uniq_jessica
D:3:      layout_loops_cross, shapermc_ecumenical_altar_flowoftime,
          corexii_item_surrounded_by_moat
D:4:      layout_loops_ring, uniq_natasha
D:5:      layout_loops_ring, nicolae_qazlal_scattered_showers, temple_green,
          nicolae_ossuary_entry_monument
D:6:      layout_loops_ring, nicolae_ashenzari_skybound, gup_sewer_entry_glass,
          uniq_grinder, uniq_maggie

Skill      XL: |  1  2  3  4  5  6  7  8 |
---------------+-------------------------+-----
Stealth        | 1 2 3 4 6 |  6.0
Dodging        | 3 4 5 6 |  6.2
Transmutations | 3 4 |  4.6
Fighting       | 2 3 4 |  4.3
Spellcasting   | 3 4 |  4.3
Unarmed Combat | 4 5 |  5.1
Ice Magic      | 1 |  1.4

Action                   |  1- 3 |  4- 6 |  7- 9 || total
-------------------------+-------+-------+-------++-------
Melee: Unarmed           |   132 |   247 |   175 ||   554
       Bite              |    10 |    17 |    10 ||    37
       Headbutt          |    13 |    19 |     5 ||    37
       Punch             |     2 |     2 |     2 ||     6
 Cast: Beastly Appendage |    21 |    27 |     4 ||    52
       Wereblood         |     2 |     1 |       ||     3
       Spider Form       |       |     9 |     9 ||    18
       Ice Form          |       |       |     5 ||     5
Evoke: Wand              |       |       |     4 ||     4
  Use: Scroll            |       |     7 |     5 ||    12
       Potion            |       |     4 |     1 ||     5
 Stab: Distracted        |     1 |       |       ||     1
       Sleeping          |       |     9 |     2 ||    11
Armor: Skin              |     2 |    21 |    46 ||    69
Dodge: Dodged            |   105 |   196 |   213 ||   514

Table legend: (Time is in decaauts)
 A = Elapsed time spent in this place.
 B = Non-inter-level travel time spent in this place.
 C = Inter-level travel time spent in this place.
 D = Time resting spent in this place.
 E = Time spent auto-exploring this place.
 F = Levels seen in this place.
 G = Mean time per level.
                   A        B        C        D        E       F      G
               +--------+--------+--------+--------+--------+-----+--------+
         Total |   9950 |   9844 |    106 |   1295 |   6710 |   7 | 1421.4 |
       Dungeon |   8640 |   8534 |    106 |   1293 |   5819 |   6 | 1440.0 |
         Sewer |   1310 |   1310 |      0 |      2 |    891 |   1 | 1310.0 |
               +--------+--------+--------+--------+--------+-----+--------+

Top non-repeatable levels by time:
     D:1: 1898 daAuts
     D:2: 1574 daAuts
     D:4: 1513 daAuts
     D:3: 1439 daAuts
   Sewer: 1310 daAuts
     D:5: 1202 daAuts
     D:6: 1012 daAuts
